 Dungeon Crawl Stone Soup version 0.26-a0-541-g3b3d21e777 (webtiles) character file.

Game seed: 11288079358482340897

1075 Morbidden the Conjurer (level 8, -3/103 HPs)
             Began as a Naga Conjurer on Aug 16, 2020.
             Was a Believer of Cheibriados.
             Slain by an orc warrior
             ... wielding a +0 mace
              (6 damage)
             ... on level 6 of the Dungeon.
             The game lasted 00:10:59 (6821 turns).

Morbidden the Conjurer (Naga Conjurer)              Turns: 6821, Time: 00:11:00

Health: -3/103     AC:  9    Str: 13    XL:     8   Next: 29%
Magic:  7/15       EV: 10    Int: 25    God:    Cheibriados [**....]
Gold:   359        SH:  0    Dex: 14    Spells: 13/16 levels left

rFire    . . .     SeeInvis +   y - +2 hand axe (elec)
rCold    . . .     Faith    .   (no shield)
rNeg     . . .     Spirit   .   g - +2 robe {MR+}
rPois    +         Reflect  .   a - +0 helmet
rElec    .         Harm     .   (no cloak)
rCorr    .                      b - +2 pair of gloves
MR       ++...                  (no barding)
Stlth    ..........             x - amulet of regeneration
HPRegen  0.67/turn              (no ring)
MPRegen  0.14/turn              (no ring)

@: berserking, very slow
A: large, see invisible, deformed body, poison resistance, slowness 2, spit
poison 1, AC +2
a: Spit Poison, Bend Time, Renounce Religion


You were on level 6 of the Dungeon.
You worshipped Cheibriados.
Cheibriados was pleased with you.
You visited 1 branch of the dungeon, and saw 6 of its levels.

You collected 359 gold pieces.

Inventory:

Hand Weapons
 y - a +2 hand axe of electrocution (weapon)
Missiles
 l - 49 poisoned darts (quivered)
 r - 5 boomerangs
 s - 3 throwing nets
 w - 5 curare-tipped darts
Armour
 a - a +0 helmet (worn)
 b - a +2 pair of gloves (worn)
 g - a +2 robe of magic resistance (worn)
Jewellery
 x - an amulet of regeneration (around neck)
Wands
 j - a wand of enslavement (6)
 q - a wand of polymorph (6)
 z - a wand of iceblast (10)
Scrolls
 d - 8 scrolls of identify
 f - 2 scrolls of noise
 n - a scroll of blinking {unknown}
 o - 6 scrolls of teleportation
 u - 2 scrolls of remove curse
 v - a scroll of fear {unknown}
 A - a scroll of fog {unknown}
Potions
 c - a potion of mutation {unknown}
 e - a potion of flight {unknown}
 h - a potion of degeneration {unknown}
 i - a potion of lignification {unknown}
 k - a potion of berserk rage
 m - 2 potions of curing {unknown}
 p - a potion of invisibility {unknown}
 t - a potion of resistance {unknown}


   Skills:
 * Level 3.2 Fighting
 + Level 0.7 Axes
 + Level 1.1 Throwing
 + Level 2.3 Dodging
 + Level 4.5 Stealth
 + Level 2.0 Unarmed Combat
 * Level 4.9 Spellcasting
 * Level 6.6 Conjurations
 * Level 1.9 Invocations
 + Level 0.1 Evocations


You had 13 spell levels left.
You knew the following spells:

 Your Spells              Type           Power        Failure   Level
a - Magic Dart            Conj           ####         1%          1
b - Searing Ray           Conj           #####.       1%          2

Your spell library contained the following spells:

 Spells                   Type           Power        Failure   Level
 Dazzling Flash           Conj/Hex       ###...       6%          3
 Fulminant Prism          Conj/Hex       ###.......   22%         4
 Iskenderun's Mystic Bla  Conj/Tloc      ###.....     22%         4


Dungeon Overview and Level Annotations

Branches:
Dungeon (6/15)
 Temple: D:4-7

Altars:
Ashenzari
Cheibriados
Hepliaklqana
Ru
Wu Jian
The Shining One


Innate Abilities, Weirdness & Mutations

You cannot wear boots.
Your serpentine skin is tough. (AC +2)
You have supernaturally acute eyesight. (SInv)
Armour fits poorly on your strangely shaped body.
Your system is resistant to poisons. (rPois)
You cover ground very slowly.
You can spit poison.


Message History

It was a potion of berserk rage.
A red film seems to cover your vision as you go berserk!
Cheibriados protects you from inadvertent hurry.
You feel mighty!
The orc warrior hits you with a +0 mace!
* * * LOW HITPOINT WARNING * * *
Unknown command.
Unknown command.
You are too berserk!
Unknown command.
You hit the orc warrior.
The orc warrior is almost dead.
The orc warrior closely misses you.
Unknown command.
Unknown command.
Unknown command.
You barely miss the orc warrior.
The orc warrior is almost dead.
The orc warrior hits you with a +0 mace.
You die...

...............#
...............#
...............####
...................
...............####
....).........##
#.....##.......#
########.......######
##..###..@oJo#
#######.....####..#
#......####....##.#
#..<................
#....>.####.####..J.#
####..>.....# .o...
########.# .... #..
.... #.


You could see an orc warrior, a jelly and an orc.

Vanquished Creatures
  Sigmund (D:2)
  An ogre (D:6)
  A phantom (D:6)
  2 scorpions (D:5)
  A howler monkey (D:3)
  A bullfrog zombie (D:5)
  A centaur zombie (D:6)
  4 orc wizards
  A hound (D:3)
  A jelly (D:5)
  4 orc priests
  A worker ant (D:5)
  Natasha (D:4)
  An iguana (D:5)
  2 hound zombies (D:5)
  A gnoll (D:1)
  2 adders
  A white imp (D:5)
  2 oozes
  An adder skeleton (D:3)
  2 worms (D:3)
  2 dart slugs (D:1)
  4 leopard geckos
  10 orcs
  3 ball pythons
  6 giant cockroaches
  8 goblins
  12 hobgoblins
  3 jackals (D:1)
  A quokka (D:3)
  5 bats
  4 frilled lizards
  15 kobolds
  8 rats
113 creatures vanquished.

Vanquished Creatures (others)
  An orc (D:3)
1 creature vanquished.

Grand Total: 114 creatures vanquished

Notes
Turn   | Place    | Note
-------+----------+-------------------------------------------
     0 | D:1      | Morbidden the Naga Conjurer began the quest for the Orb.
     0 | D:1      | Reached XP level 1. HP: 15/15 MP: 3/3
   437 | D:1      | Reached XP level 2. HP: 15/22 MP: 1/5
   663 | D:1      | Learned a level 2 spell: Searing Ray
   822 | D:1      | Reached skill level 1 in Fighting
  1038 | D:1      | You fall into a shaft and drop 1 floor!
  1045 | D:2      | Reached XP level 3. HP: 31/31 MP: 4/6
  1101 | D:2      | Noticed Sigmund
  1130 | D:2      | Killed Sigmund
  1130 | D:2      | Reached skill level 1 in Unarmed Combat
  1130 | D:2      | Reached XP level 4. HP: 4/39 MP: 0/8
  1130 | D:2      | Reached XP level 5. HP: 4/45 MP: 0/9
  1803 | D:2      | Found a hazy altar of Hepliaklqana.
  2249 | D:2      | Found a sacrificial altar of Ru.
  2256 | D:2      | Found an ornate altar of the Wu Jian Council.
  2460 | D:2      | Found a glowing golden altar of the Shining One.
  2751 | D:4      | Reached skill level 5 in Conjurations
  2751 | D:4      | Reached XP level 6. HP: 37/52 MP: 6/11
  3068 | D:3      | Found a snail-covered altar of Cheibriados.
  3101 | D:3      | Became a worshipper of Cheibriados the Contemplative
  3964 | D:1      | Reached XP level 7. HP: 61/61 MP: 8/13
  4462 | D:1      | Reached * piety under Cheibriados
  4835 | D:4      | Reached skill level 1 in Invocations
  5047 | D:4      | Found a sacrificial altar of Ru.
  5419 | D:4      | Noticed Natasha
  5424 | D:4      | Killed Natasha
  5643 | D:5      | Entered Level 5 of the Dungeon
  6080 | D:5      | Found a shattered altar of Ashenzari.
  6111 | D:5      | Reached skill level 6 in Conjurations
  6243 | D:5      | Reached skill level 1 in Throwing
  6346 | D:5      | Reached ** piety under Cheibriados
  6480 | D:5      | Reached XP level 8. HP: 69/69 MP: 14/14
  6819 | D:6      | HP: 1/103 [orc warrior/+0 mace (16)]
  6821 | D:6      | Slain by an orc warrior

Illustrated notes

Levels and vault maps discovered:
D:1:      dpeg_arrival_morbid_curiosity, layout_basic, minmay_tiny_reverse_x
D:2:      layout_loops_corners, lemuel_round_altar, tso_oasis_becter,
          amethyst_overflow_temple_binary, uniq_sigmund
D:3:      layout_rooms, cheibriados_altar_1, serial_curves, eino_curves_04,
          eino_curves_01, eino_curves_04
D:4:      layout_loops_cross, nicolae_ru_awakened_eye, uniq_natasha
D:5:      layout_basic, cheibrodos_ashenzari_chains
D:6:      layout_rooms, hangedman_decor_opposing

Skill      XL: |  1  2  3  4  5  6  7 |
---------------+----------------------+-----
Fighting       | 1 2 3 |  3.2
Dodging        | 2 |  2.3
Unarmed Combat | 1 2 |  2.0
Spellcasting   | 3 4 |  4.9
Conjurations   | 5 6 |  6.6
Stealth        | 4 |  4.5
Invocations    | 1 |  1.9
Throwing       | 1 |  1.1
Axes           | |  0.7
Evocations     | |  0.1

Action                   |  1- 3 |  4- 6 |  7- 9 || total
-------------------------+-------+-------+-------++-------
Melee: Unarmed           |    54 |    40 |       ||    94
       Hand axe          |       |       |    26 ||    26
Throw: Dart              |       |     2 |     9 ||    11
 Cast: Magic Dart        |    33 |    76 |    62 ||   171
       Searing Ray       |     2 |    12 |    20 ||    34
 Abil: Spit Poison       |     6 |     4 |     4 ||    14
Evoke: Wand              |       |     4 |       ||     4
  Use: Scroll            |       |     3 |     3 ||     6
       Potion            |       |       |     1 ||     1
Armor: Robe              |    20 |    15 |    24 ||    59
Dodge: Dodged            |    56 |    24 |    31 ||   111

Table legend: (Time is in decaauts)
 A = Elapsed time spent in this place.
 B = Non-inter-level travel time spent in this place.
 C = Inter-level travel time spent in this place.
 D = Time resting spent in this place.
 E = Time spent auto-exploring this place.
 F = Levels seen in this place.
 G = Mean time per level.
                   A        B        C        D        E       F      G
               +--------+--------+--------+--------+--------+-----+--------+
         Total |   9251 |   8757 |    494 |    682 |   7051 |   6 | 1541.8 |
       Dungeon |   9251 |   8757 |    494 |    682 |   7051 |   6 | 1541.8 |
               +--------+--------+--------+--------+--------+-----+--------+

Top non-repeatable levels by time:
     D:1: 2433 daAuts
     D:2: 2069 daAuts
     D:3: 1676 daAuts
     D:5: 1502 daAuts
     D:4: 1314 daAuts
     D:6: 255 daAuts
